 Dungeon Crawl Stone Soup version 0.23.0 (webtiles) character file.

Game seed: 577446385562219279

217 Fang the Skirmisher (level 5, -8/51 HPs)
             Began as a Gargoyle Berserker on Feb 8, 2019.
             Was a Believer of Trog.
             Mangled by an ogre
             ... wielding a cursed -2 giant spiked club
              (17 damage)
             ... on level 4 of the Dungeon on Feb 11, 2019.
             The game lasted 00:05:04 (2623 turns).

Fang the Skirmisher (Gargoyle Berserker)            Turns: 2623, Time: 00:05:05

Health: -8/51      AC: 15    Str: 26    XL:     5   Next: 94%
Magic:  5/5        EV:  7    Int:  8    God:    Trog [**....]
Gold:   128        SH:  0    Dex:  9    Spells: 4/4 levels left

rFire    . . .     SeeInvis .   f - +1 hand axe (freeze)
rCold    . . .     Gourm    .   (no shield)
rNeg     + . .     Faith    .   o - +0 plate armour
rPois    ∞         Spirit   .   (no helmet)
rElec    +         Reflect  .   (no cloak)
rCorr    +         Harm     .   (no gloves)
MR       .....                  (no boots)
Stlth    ..........             (no amulet)
HPRegen  0.17/turn              k - ring of resist corrosion
MPRegen  0.09/turn              (no ring)

@: berserking, glowing, very quick
A: negative energy resistance 1, electricity resistance, unbreathing,
petrification resistance, rot immunity, AC +4
a: Berserk, Trog's Hand, Renounce Religion


You were on level 4 of the Dungeon.
You worshipped Trog.
Trog was pleased with you.
You were hungry.

You visited 1 branch of the dungeon, and saw 4 of its levels.

You collected 128 gold pieces.

Inventory:

Hand Weapons
 a - a +0 hand axe
 f - a +1 hand axe of freezing (weapon)
Armour
 o - a +0 plate armour (worn)
Jewellery
 k - a ring of resist corrosion (left hand)
Scrolls
 d - 4 scrolls of identify {unknown}
 g - 2 scrolls of teleportation {unknown}
 j - a scroll of amnesia {unknown}
 m - a scroll of random uselessness {unknown}
 q - a scroll of magic mapping {unknown}
Potions
 e - 2 potions of brilliance {unknown}
 h - a potion of invisibility {unknown}
 i - a potion of resistance {unknown}
 l - a potion of agility {unknown}
 n - a potion of berserk rage {unknown}
 p - a potion of heal wounds {unknown}
Comestibles
 c - 7 rations


   Skills:
 + Level 4.7 Fighting
 + Level 3.9 Axes
 - Level 2.5 Armour
 - Level 1.9 Dodging
 + Level 3.1 Stealth


You had 4 spell levels left.
You didn't know any spells.
Your spell library was empty.

Dungeon Overview and Level Annotations

Branches:
Dungeon (4/15)
 Temple: D:4-7

Altars:
Gozag
Hepliaklqana
Uskayaw
Zin


Innate Abilities, Weirdness & Mutations

You are resistant to torment.
Your stone body is resilient. (AC +4)
You are immune to poison.
You resist negative energy. (rN+)
You are resistant to electric shocks. (rElec)
You can survive without breathing.
You are immune to petrification.
You are immune to rotting.


Message History

The ogre hits you with a cursed -2 giant spiked club!
The worker ant bites you but does no damage.
The orc priest invokes the aid of Beogh against you.
Beogh smites you!
* * * LOW HITPOINT WARNING * * *
The gnoll shaman hits you but does no damage.
You are too injured to fight recklessly!
You are too injured to fight recklessly!
You are too injured to fight recklessly!
You are too injured to fight recklessly!
You are too injured to fight recklessly!
You are too injured to fight recklessly!
You are too injured to fight recklessly!
Unknown command.
A red film seems to cover your vision as you go berserk!
You feel yourself moving faster!
You feel mighty!
You are feeling hungry.
The worker ant barely misses you.
The ogre hits you with a cursed -2 giant spiked club!
You die...

##.########
########..........
..........#######.
#########.# #.#
#.#
#######.######.
.........o....!
#######@######.


..gggggaOoo.o.. #######.#####.. #.# #.# #.# #.. #.. You could see an ogre, a
gnoll shaman, a worker ant, 2 orc priests, 4 gnolls and 2 orcs.

Vanquished Creatures
  An orc wizard (D:3)
  A killer bee zombie (D:3)
  A gnoll (D:4)
  7 adders
  2 worms
  A dart slug (D:1)
  4 leopard geckos
  7 orcs (D:3)
  4 giant cockroaches
  8 goblins
  5 hobgoblins
  2 jackals (D:2)
  6 kobolds
  2 quokkas (D:3)
  A ball python (D:2)
  10 bats
  15 frilled lizards
  A quokka skeleton (D:2)
  7 rats
85 creatures vanquished.

Notes
Turn   | Place    | Note
-------+----------+-------------------------------------------
     0 | D:1      | Fang the Gargoyle Berserker began the quest for the Orb.
     0 | D:1      | Reached XP level 1. HP: 14/14 MP: 1/1
   398 | D:1      | Reached XP level 2. HP: 13/19 MP: 2/2
   885 | D:1      | Reached XP level 3. HP: 24/24 MP: 3/3
  1005 | D:2      | Reached ** piety under Trog
  1057 | D:2      | Reached skill level 1 in Stealth
  1165 | D:2      | Found a hazy altar of Hepliaklqana.
  1181 | D:2      | Upgraded the game from 0.23-b1-84-g6588a6b to 0.23.0
  1231 | D:2      | Reached skill level 4 in Fighting
  1231 | D:2      | Reached XP level 4. HP: 29/29 MP: 4/4
  1875 | D:3      | Found a hide-covered altar of Uskayaw.
  1972 | D:3      | Reached XP level 5. HP: 19/34 MP: 5/5
  2421 | D:3      | Found a glowing silver altar of Zin.
  2422 | D:3      | Found an opulent altar of Gozag.
  2613 | D:4      | Noticed an ogre
  2623 | D:4      | Mangled by an ogre

Skill      XL: |  1  2  3  4  5 |
---------------+----------------+-----
Axes           | 3 |  3.9
Stealth        | 1 2 3 |  3.1
Fighting       | 4 |  4.7
Armour         | |  2.5
Dodging        | |  1.9

Action                   |  1- 3 |  4- 6 || total
-------------------------+-------+-------++-------
Melee: Hand axe          |   157 |   170 ||   327
Invok: Berserk           |       |     1 ||     1
 Stab: Sleeping          |     1 |       ||     1
  Eat: Chunk             |     1 |     5 ||     6
Armor: Animal skin       |    69 |    15 ||    84
       Plate armour      |       |   114 ||   114
Dodge: Dodged            |   112 |    76 ||   188
